 Dungeon Sprint DCSS version 0.29.1-15-g9cfb28693d (webtiles) character file.

Game seed: 2483494274187011719

51 Groucho the Ducker (level 4, -14/35 HPs)
             Began as a Djinni Fire Elementalist on Apr 5, 2023.
             Demolished by a water elemental (16 damage)
             ... in the Dungeon (Sprint III: "The Ten Rune Challenge").
             The game lasted 00:02:34 (507 turns).

Groucho the Ducker (Djinni Fire Elementalist)        Turns: 507, Time: 00:02:35

Health: -14/35     AC:  3    Str:  7    XL:     4   Next: 5%
Gold:   25         EV: 13    Int: 19    God:
                   SH:  0    Dex: 13

rFire   + + .      SeeInvis .   (no weapon)
rCold   x . .      Faith    .   (no shield)
rNeg    + . .      Spirit   .   j - +1 robe {rN+}
rPois   ∞          Reflect  .   (no helmet)
rElec   .          Harm     .   (no cloak)
rCorr   .          Rampage  .   (no gloves)
Will    .....      NoTele   +   (boots unavailable)
Stlth   ++........              (no amulet)
HPRegen 0.11/turn               (no ring)
MPRegen 0.00/turn               (no ring)

@: flying
A: sickness immunity, fire resistance 2, cold vulnerability 1, float, innate
caster, HP casting, extra vitality 1
a: no special abilities


You were in the Dungeon.
You visited 1 branch You collected 25 gold pieces.

Inventory:

Hand Weapons
 i - a +2 dagger of speed
Armour
 j - a +1 robe of positive energy (worn)
Scrolls
 b - a scroll of torment {unknown}
 c - 3 scrolls of identify
 f - a scroll of blinking
 g - a scroll of vulnerability {unknown}
 k - a scroll of poison {unknown}
Potions
 a - 5 potions of mutation {unknown}
 d - a potion of haste
 e - a potion of berserk rage
 h - a potion of lignification {unknown}


   Skills:
 + Level 3.1 Fighting
 + Level 4.3 Dodging
 + Level 3.4 Stealth
 * Level 3.8 Spellcasting


You couldn't memorise any spells.
You knew the following spells:

 Your Spells              Type           Power      Damage    Failure   Level
a - Foxfire               Conj/Fire      72%        2x1d7     3%          1
b - Scorch                Fire           36%        2d6       4%          2
c - Conjure Flame         Conj/Fire      18%        6-21      9%          3
d - Inner Flame           Hex/Fire       18%        N/A       9%          3
e - Flame Wave            Conj/Fire      18%        2d7       28%         4
f - Sting                 Tmut/Pois      72%        1d6       3%          1
Your spell library was empty.

Dungeon Overview and Level Annotations

Branches:
Dungeon (1/1)

Altars:


Innate Abilities, Weirdness & Mutations

You are immune to sickness and miasma.
You are immune to poison.
Your flesh is very heat resistant. (rF++)
You are vulnerable to cold. (rC-)
You float through the air rather than walking.
You learn spells naturally, not from books.
Your magical power is your life essence.
You have superior vitality. (+4 MHP)


Message History

The water elemental is severely damaged.
The water elemental hits you.
Casting: Foxfire (safe; 3% risk of failure)
Confirm with . or Enter, or press ? or * to list all spells.
You conjure some foxfire!
The water elemental hits you!!
Ouch! That really hurt!
* * * LOW HITPOINT WARNING * * *
The foxfire hits the water elemental but does no damage.
The water elemental is severely damaged.
The foxfire hits the water elemental.
The water elemental is burned terribly!
The water elemental is severely damaged.
The water elemental completely misses you.
Unknown command.
Casting: Foxfire (safe; 3% risk of failure)
Confirm with . or Enter, or press ? or * to list all spells.
You conjure some foxfire!
* * * LOW HITPOINT WARNING * * *
The water elemental hits you!
* * * LOW HITPOINT WARNING * * *
Okay, then.
The foxfire hits the water elemental.
The water elemental is almost destroyed.
The foxfire hits the water elemental.
The water elemental is burned terribly!
The water elemental is almost destroyed.
The water elemental completely misses you.
Unknown command.
Unknown command.
Casting: Foxfire (safe; 3% risk of failure)
Confirm with . or Enter, or press ? or * to list all spells.
You don't have enough health to cast this spell.
Unknown command.
You slip free of the water engulfing you.
The water engulfing you falls away. The water elemental closely misses you.
The water elemental attacks as you move away!
The water elemental closely misses you. The water elemental closely misses you.
The water elemental attacks as you move away!
The water elemental hits you!
You die...

▓▓▓▓▓▓▓▓▓ ▓▓▓
▓<..#...#### ##.#
▓...#......#####..#
▓..##..[....#!!#..#
▓##.##.##...#..#..###+#+#
##.##.###..##'#..#......
▓#.####.##..###...'.⌠....
▓.###..##..####...#...##
▓#.....##.@###....# ⌠.#
###..##÷.E##.....# .#
##†.##....#......# #
#..###..##.#.....# #..#
#.. ####....# ▓▓▓▓ ▓▓▓
▓▓▓▓▓▓


You could see a water elemental.

Vanquished Creatures
  Jessica (D)
  A human (D)
  A phantom (D)
  3 rats (D)
6 creatures vanquished.

Vanquished Creatures (others)
  42 foxfires (D)
42 creatures vanquished.

Grand Total: 48 creatures vanquished

Notes
Turn   | Place    | Note
-------+----------+-------------------------------------------
     0 | D        | Groucho the Djinni Fire Elementalist began the quest for
                  | the Orb.
     0 | D        | Groucho set off with the following spells memorised:
                  | Foxfire, Scorch, Conjure Flame, Inner Flame, Flame Wave.
     0 | D        | Reached XP level 1. HP: 15/15 MP: 0/0
   142 | D        | Noticed Jessica
   148 | D        | Killed Jessica
   149 | D        | Reached skill level 3 in Dodging
   149 | D        | Reached XP level 2. HP: 20/24 MP: 0/0
   149 | D        | Reached XP level 3. HP: 24/29 MP: 0/0
   149 | D        | Learned a level 1 spell: Sting
   203 | D        | Reached skill level 4 in Dodging
   460 | D        | Reached XP level 4. HP: 33/35 MP: 0/0
   484 | D        | Noticed a water elemental
   495 | D        | HP: 1/35 [water elemental (7)]
   507 | D        | Demolished by a water elemental

Illustrated notes

Levels and vault maps discovered:
D:        dungeon_sprint_mu [sprint_mu_entry_cave, sprint_mu_temple_rooms,
          sprint_mu_d1_horrors, sprint_mu_d2_genie, sprint_mu_d3_branching,
          sprint_mu_orc_legion, sprint_mu_elf_gauntlet, sprint_mu_hive_nellie,
          sprint_mu_lair_fedhas, sprint_mu_vaults_butterflies,
          sprint_mu_slime_circle, sprint_mu_shoals_kraken,
          sprint_mu_snake_twists, sprint_mu_blade_basic,
          sprint_mu_crypt_fortress, sprint_mu_tomb_spiral,
          sprint_mu_vestibule_basic, sprint_mu_gehenna_hellfire,
          sprint_mu_dis_giant, sprint_mu_tartarus_statrot,
          sprint_mu_cocytus_islands, sprint_mu_zot1]

Skill      XL: |  1  2  3 |
---------------+----------+-----
Fighting       | 2 3 |  3.1
Dodging        | 3 4 |  4.3
Stealth        | 3 |  3.4
Spellcasting   | 3 |  3.8

Action                   |  1- 3 |  4- 6 || total
-------------------------+-------+-------++-------
 Cast: Foxfire           |    17 |     6 ||    23
  Use: Potion            |     2 |       ||     2
Dodge: Dodged            |     5 |     7 ||    12
